 Dungeon Crawl Stone Soup version 0.21.1-1-g345015f (webtiles) character file.

3091 gerrrit the Cleaver (level 9, 0/71 HPs)
             Began as a Hill Orc Fighter on Apr 2, 2018.
             Was a Believer of Hepliaklqana.
             Slain by wojtek's ghost (9 damage)
             ... on level 8 of the Dungeon.
             The game lasted 00:51:33 (8388 turns).

gerrrit the Cleaver (Hill Orc Fighter)              Turns: 8388, Time: 00:51:34

Health: 0/71       AC: 11    Str: 22    XL:     9   Next: 89%
Magic:  10/10      EV:  9    Int:  8    God:    Hepliaklqana [**....]
Gold:   457        SH: 10    Dex: 10    Spells: 8/8 levels left

rFire    . . .     SeeInvis .   a - +0 war axe
rCold    . . .     Gourm    .   c - +0 shield
rNeg     + . .     Faith    .   b - +2 scale mail
rPois    +         Spirit   .   (no helmet)
rElec    .         Reflect  .   e - +0 cloak
rCorr    .         Harm     .   (no gloves)
MR       .....                  (no boots)
Stlth    ..........             (no amulet)
HPRegen  0.21/turn              D - ring of positive energy
MPRegen  0.12/turn              j - ring of poison resistance

@: about to teleport
A: reduced essence
a: Recall Ancestor, Ancestor Identity, Renounce Religion


You were on level 8 of the Dungeon.
You worshipped Hepliaklqana.
Hepliaklqana was pleased with you.
You were not hungry.

You visited 2 branches of the dungeon, and saw 9 of its levels.

You collected 457 gold pieces.

Inventory:

Hand Weapons
 a - a +0 war axe (weapon)
 k - a +0 antimagic dagger
 o - a +2 dagger of speed
 p - a +0 giant spiked club
Missiles
 t - 6 javelins
 w - 6 tomahawks (quivered)
Armour
 b - a +2 scale mail (worn)
 c - a +0 shield (worn)
 e - a +0 cloak (worn)
 v - a cursed +0 leather armour
 C - a +0 helmet
Jewellery
 j - a ring of poison resistance (right hand)
 m - an uncursed ring of teleportation
 r - an uncursed amulet of rage
 u - an uncursed amulet of rage
 z - an uncursed ring of flight
 D - a ring of positive energy (left hand)
Wands
 i - a wand of random effects (7)
 y - a wand of iceblast (8)
 E - a wand of flame (29)
Scrolls
 g - 5 scrolls of remove curse
 h - 5 scrolls of amnesia
 n - a scroll of teleportation
 q - 2 scrolls of identify
Potions
 d - 4 potions of might
 l - 4 potions of flight
 s - 2 potions of haste
 x - 2 potions of brilliance
 A - 2 potions of curing
 F - a potion of lignification {unknown}
Books
 G - a book of Maledictions

   Spells                             Type                      Level
   a - Corona                         Hexes                        1
   b - Ensorcelled Hibernation        Hexes/Ice                    2
   c - Confuse                        Hexes                        3
   d - Tukima's Dance                 Hexes                        3
   e - Dazzling Spray                 Conjuration/Hexes            3
Comestibles
 f - 11 rations


   Skills:
 + Level 7.1 Fighting
 + Level 11.3 Axes
 + Level 2.0 Throwing
 + Level 7.3 Armour
 + Level 2.0 Dodging
 + Level 0.8 Stealth
 + Level 6.5 Shields
 + Level 1.4 Evocations


You had 8 spell levels left.
You didn't know any spells.

Dungeon Overview and Level Annotations

Branches:
Dungeon (8/15)             Temple (1/1) D:6
   Lair: D:8-11

Altars:
Cheibriados
Dithmenos
Elyvilon
Fedhas
Hepliaklqana
Okawaru
Ru
Sif Muna
Xom
The Shining One

Shops:
D:5 ***}   D:6 [

Annotations:
D:8 Psyche; wojtek's ghost, novice MiFi


Message History

Something hits you!!
You hit something but do no damage.
Kaya hits something with a dagger of draining.
Something hits you.
You hit something but do no damage.
Kaya points at something and mumbles some strange words.
Something hits you but does no damage.
You hit something but do no damage.
Kaya hits something with a dagger of draining.
Something hits you!
You closely miss something.
Kaya completely misses something.
Something hits you!
* * * LOW HITPOINT WARNING * * *
As you read the scroll of teleportation, it crumbles to dust.
You feel strangely unstable.
Kaya hits something with a dagger of draining.
Something hits you!
* * * LOW HITPOINT WARNING * * *
You miss something.
Kaya hits something but does no damage.
Something hits you!
You die...

#....##........###..
#....##........##...
###.##.......>....##
#.#..........#####
####............# ###
#.......#.......###..
##.##....###...####..#
#######..##.#### #####
#... #.......###@#
##8## #.##
#......####{##8...8
#......# #.R##....@
#####.####..#_.....
#.#.....##.....
#.......##8...8
###....## ##8##
#....#..# ##
#...##.####


You could see the friendly Kaya the hexer.

Vanquished Creatures
  A hungry ghost (D:7)
  A black bear (D:8)
  An orc warrior (D:8)
  2 phantoms
  3 wolves (D:8)
  4 ogres
  4 centaurs
  A bullfrog (D:7)
  2 scorpions
  2 crimson imps
  4 hounds
  6 orc wizards
  2 bullfrog skeletons
  An orc priest (D:5)
  5 worker ants
  2 iguanas
  A killer bee zombie (D:5)
  A hound zombie (D:5)
  A worker ant zombie (D:5)
  10 river rats (D:5)
  9 adders
  A shadow imp (D:8)
  2 oozes
  2 dart slugs
  4 leopard geckos
  22 orcs
  8 bats
  4 giant cockroaches
  9 goblins
  7 hobgoblins
  15 jackals
  7 quokkas
  4 frilled lizards
  9 kobolds
  17 rats
174 creatures vanquished.

Vanquished Creatures (collateral kills)
  Grum (D:8)
  An ogre (D:5)
  A centaur (D:8)
  A howler monkey (D:5)
  A quasit (D:8)
  2 hounds
  A jelly (D:6)
  An orc wizard (D:8)
  An iguana (D:6)
  A worker ant (D:5)
  2 adders
  A river rat (D:5)
  A leopard gecko (D:8)
  2 orcs
  A jackal (D:7)
  3 rats (D:5)
21 creatures vanquished.

Vanquished Creatures (others)
  A bullfrog (D:7)
  A hexer (D:8)
  2 ancestors
4 creatures vanquished.

Grand Total: 199 creatures vanquished

Notes
Turn   | Place    | Note
-------+----------+-------------------------------------------
     0 | D:1      | gerrrit the Hill Orc Fighter began the quest for the Orb.
     0 | D:1      | Reached XP level 1. HP: 19/19 MP: 1/1
   104 | D:1      | Reached XP level 2. HP: 22/27 MP: 2/2
   349 | D:1      | Reached skill level 3 in Axes
   564 | D:1      | Reached XP level 3. HP: 32/33 MP: 3/3
  1395 | D:2      | Reached XP level 4. HP: 39/40 MP: 4/4
  1449 | D:2      | Reached skill level 4 in Axes
  1589 | D:2      | Found a shimmering altar of Xom.
  1602 | D:2      | Found a white marble altar of Elyvilon.
  1606 | D:2      | Found a deep blue altar of Sif Muna.
  1969 | D:3      | Reached XP level 5. HP: 44/46 MP: 5/5
  2029 | D:3      | Reached skill level 5 in Axes
  2222 | D:3      | Found a snail-covered altar of Cheibriados.
  2942 | D:3      | Reached skill level 6 in Axes
  2945 | D:3      | Reached XP level 6. HP: 46/52 MP: 6/6
  3486 | D:4      | Found a deep blue altar of Sif Muna.
  3771 | D:4      | Reached skill level 7 in Axes
  3771 | D:4      | Reached XP level 7. HP: 42/60 MP: 7/7
  4104 | D:4      | Reached skill level 1 in Dodging
  4215 | D:5      | Entered Level 5 of the Dungeon
  4265 | D:5      | Reached skill level 5 in Fighting
  4267 | D:5      | Reached skill level 5 in Armour
  4279 | D:5      | Reached skill level 5 in Shields
  4517 | D:5      | Reached skill level 8 in Axes
  4517 | D:5      | Reached skill level 1 in Throwing
  4517 | D:5      | Reached XP level 8. HP: 60/68 MP: 8/8
  4569 | D:5      | Found a hazy altar of Hepliaklqana.
  4601 | D:5      | Became a worshipper of Hepliaklqana the Forgotten
  4629 | D:5      | Found Quiveli's General Store.
  4629 | D:5      | Found Dibbo's General Store.
  4634 | D:5      | Found Feut Gimmatt's Gadget Shop.
  4637 | D:5      | Found Xueshaiv's General Store.
  4652 | D:5      | Found an iron altar of Okawaru.
  5603 | D:6      | Reached skill level 9 in Axes
  5802 | D:6      | Found Rafat's Armour Shop.
  5802 | D:6      | Found a staircase to the Ecumenical Temple.
  5819 | Temple   | Entered the Ecumenical Temple
  5954 | D:6      | Reached * piety under Hepliaklqana
  6360 | D:7      | Reached XP level 9. HP: 66/67 MP: 9/9
  6606 | D:7      | Reached skill level 10 in Axes
  6606 | D:7      | Reached skill level 1 in Evocations
  6805 | D:7      | Found a glowing golden altar of the Shining One.
  7083 | D:7      | Reached ** piety under Hepliaklqana
  7087 | D:7      | Remembered your ancestor Kaya as a hexer
  7516 | D:8      | Noticed Grum
  7529 | D:8      | Killed Grum
  7732 | D:8      | Found a blossoming altar of Fedhas.
  7737 | D:8      | Noticed wojtek's ghost (novice MiFi)
  7977 | D:8      | Reached skill level 11 in Axes
  8381 | D:8      | Noticed Psyche
  8388 | D:8      | Slain by wojtek's ghost

Skill      XL: |  1  2  3  4  5  6  7  8  9 |
---------------+----------------------------+-----
Axes           | 3 4 6 7 8 9 11 | 11.3
Fighting       | 4 5 7 |  7.1
Armour         | 4 5 6 7 |  7.3
Shields        | 4 5 6 |  6.5
Dodging        | 1 2 |  2.0
Throwing       | 1 2 |  2.0
Evocations     | 1 |  1.4
Stealth        | |  0.8

Action                   |  1- 3 |  4- 6 |  7- 9 || total
-------------------------+-------+-------+-------++-------
Melee: War axe           |   120 |   159 |   331 ||   610
Throw: Tomahawk          |       |     4 |     9 ||    13
       Javelin           |       |       |     7 ||     7
Invok: Ancestor Life: He |       |       |     1 ||     1
Evoke: Wand              |       |     4 |    20 ||    24
  Use: Scroll            |     3 |     5 |     8 ||    16
       Potion            |     2 |     1 |     3 ||     6
 Stab: Confused          |       |       |     1 ||     1
  Eat: Ration            |     1 |     1 |     1 ||     3
       Chunk             |       |     2 |    15 ||    17
Armor: Scale mail        |    70 |    56 |   106 ||   232
Dodge: Dodged            |    41 |    44 |    82 ||   167
Block: Shield            |    63 |    76 |   130 ||   269
